 Dungeon Crawl Stone Soup version 0.29.0-11-gd7f09526c8 (webtiles) character file.

Game seed: 3160446768549570239

495 xian the Covert (level 7, -4/51 HPs)
             Began as a Gnoll Wanderer on Sept 2, 2022.
             Was an Initiate of Ashenzari.
             Slain by a black bear (8 damage)
             ... on level 4 of the Dungeon.
             The game lasted 00:14:27 (5732 turns).

xian the Covert (Gnoll Wanderer)                    Turns: 5732, Time: 00:14:28

Health: -4/51      AC:  4    Str: 14    XL:     7   Next: 15%
Magic:  12/12      EV: 11    Int:  8    God:    Ashenzari [......]
Gold:   233        SH:  8    Dex: 14    Spells: 12/13 levels left

rFire   . . .      SeeInvis .   a - +0 dagger
rCold   . . .      Faith    +   v - +0 kite shield
rNeg    . . .      Spirit   .   f - +0 leather armour
rPois   .          Reflect  .   w - +0 helmet
rElec   .          Harm     .   (no cloak)
rCorr   .          Rampage  .   (no gloves)
Will    .....                   (no boots)
Stlth   ++++......              n - amulet of faith
HPRegen 0.17/turn               (no ring)
MPRegen 0.13/turn               (no ring)

@: no status effects
A: fangs 1, strong nose, distributed training
a: Renounce Religion


You were on level 4 of the Dungeon.
You worshipped Ashenzari.
Ashenzari was noncommittal.
You visited 1 branch of the dungeon, and saw 4 of its levels.

You collected 233 gold pieces.

Inventory:

Hand Weapons
 a - a +0 dagger (weapon)
Missiles
 b - 2 atropa-tipped darts (quivered)
 c - 2 datura-tipped darts
 q - 6 javelins
Armour
 f - a +0 leather armour (worn)
 p - a +0 plate armour
 v - a +0 kite shield (worn)
 w - a +0 helmet (worn)
Magical Staves
 A - a staff of fire
Jewellery
 n - an amulet of faith (around neck)
Wands
 d - a wand of flame (16)
 s - a wand of charming (4)
Scrolls
 g - 3 scrolls of identify
 k - a scroll of torment
 l - 2 scrolls of poison
 m - a scroll of immolation {unknown}
 r - 3 scrolls of noise {unknown}
 x - a scroll of brand weapon {unknown}
 y - a scroll of amnesia {unknown}
Potions
 e - a potion of attraction
 h - a potion of lignification
 j - a potion of curing
 o - 2 potions of berserk rage
 t - a potion of invisibility {unknown}
 u - 2 potions of flight {unknown}
 z - a potion of might {unknown}


   Skills:
 + Level 2.4 Fighting
 + Level 2.4 Short Blades
 + Level 2.4 Long Blades
 + Level 2.4 Axes
 + Level 2.4 Maces & Flails
 + Level 2.4 Polearms
 + Level 2.4 Staves
 + Level 2.4 Ranged Weapons
 + Level 2.4 Throwing
 + Level 2.4 Armour
 + Level 3.5 Dodging
 + Level 9.9 Stealth
 + Level 2.4 Shields
 + Level 2.4 Unarmed Combat
 + Level 3.7 Spellcasting
 + Level 2.0 Conjurations
 + Level 2.0 Hexes
 + Level 2.0 Summonings
 + Level 2.0 Necromancy
 + Level 2.0 Translocations
 + Level 2.0 Transmutations
 + Level 4.3 Fire Magic
 + Level 2.0 Ice Magic
 + Level 2.0 Air Magic
 + Level 2.0 Earth Magic
 + Level 2.0 Poison Magic
 + Level 2.6 Invocations
 + Level 3.5 Evocations


You had 12 spell levels left.
You knew the following spells:

 Your Spells              Type           Power      Damage    Failure   Level
a - Foxfire               Conj/Fire      24%        2x1d5     32%         1

Your spell library contained the following spells:

 Spells                   Type           Power      Damage    Failure   Level
 Necrotise                Necr           16%        1d4       47%         1
 Conjure Flame            Conj/Fire      6%         6-21      69%         3
 Vampiric Draining        Necr           4%         2d6       85%         3
 Agony                    Necr           4%         N/A       100%        5


Dungeon Overview and Level Annotations

Branches:
Dungeon (4/15)
 Temple: D:4-7

Altars:
Ashenzari
Hepliaklqana
Wu Jian
Xom

Shops:
D:4 (


Innate Abilities, Weirdness & Mutations

You have very sharp teeth.
Your uncanny sense of smell can sniff out nearby items.
Your experience applies equally to all skills.


Message History

You closely miss the black bear.
You bite the black bear, but do no damage.
The black bear is severely wounded.
The black bear bites you but does no damage.
The black bear claws you.
The black bear claws you but does no damage.
The black bear splashes around in the water. x3
You hit the black bear but do no damage.
The black bear is severely wounded.
The black bear bites you but does no damage.
The black bear claws you but does no damage.
The black bear claws you.
You hit the black bear but do no damage.
You bite the black bear.
The black bear is severely wounded.
The black bear splashes around in the water.
You block the black bear's attack. The black bear claws you.
* * * LOW HITPOINT WARNING * * *
You barely miss the black bear.
The black bear is severely wounded.
The black bear bites you!
* * * LOW HITPOINT WARNING * * *
The black bear claws you.
* * * LOW HITPOINT WARNING * * *
The black bear splashes around in the water.
You hit the black bear but do no damage.
You bite the black bear, but do no damage.
The black bear is severely wounded.
The black bear goes berserk!
Unknown command.
You hit the black bear.
The black bear is almost dead.
The black bear barely misses you. The black bear claws you.
* * * LOW HITPOINT WARNING * * *
The black bear claws you but does no damage.
Unknown command.
You block the black bear's attack.
The black bear splashes around in the water. x2
The black bear bites you!
You die...

..~.☼°~§§#............#..#...<#..
.≈.~○☼.≈§#.≈~~~.~~≈~~.#..#....#..
#≈≈.§.≈§.#.~≈≈~.~≈≈≈≈.#..######..
.#≈≈≈§≈..#.≈≈≈~.~~≈≈~.#..+.......
'..§.##'#.~≈≈~.~~≈~~.#####......
#.§.......~~~~...........#......
#...............~≈~~.....'......
#.......(.~(((h.)≈~~.....#####..
#.........~≈≈≈~@~~≈~.........###
#.........~≈≈~~.~≈≈≈.........#
#.........~~~≈~.~~~~.........#
###...........................#
..#####.....#######.##......###
..##..#.....# #.....##......#
#.##.†#.....###.##.###......#
#.##..#.....#...≈...##......#
..#+..#.....#..≈.≈..##......#


You could see a black bear (berserk, very poisoned).

Vanquished Creatures
  Sigmund (D:4)
  An ogre (D:4)
  2 hounds (D:4)
  A jelly (D:4)
  An iguana (D:4)
  4 adders
  2 gnolls
  A shadow imp (D:4)
  An ufetubus (D:4)
  3 worms
  3 dart slugs (D:1)
  5 orcs
  5 ball pythons
  4 bats
  9 endoplasms
  4 giant cockroaches
  5 goblins
  5 hobgoblins
  A jackal (D:4)
  5 quokkas
  A frilled lizard (D:1)
  7 kobolds
  6 rats
77 creatures vanquished.

Vanquished Creatures (others)
  An ogre (D:4)
  An adder (D:4)
  An endoplasm (D:4)
  2 hobgoblins (D:4)
  181 foxfires
186 creatures vanquished.

Grand Total: 263 creatures vanquished

Notes
Turn   | Place    | Note
-------+----------+-------------------------------------------
     0 | D:1      | Reached skill level 9 in Stealth
     0 | D:1      | xian the Gnoll Wanderer began the quest for the Orb.
     0 | D:1      | xian set off with the following items: a +0 dagger, 2
                  | atropa-tipped darts, 2 datura-tipped darts, a wand of flame
                  | (7), a potion of attraction, a +0 leather armour; and the
                  | following spell memorised: Foxfire; and the following
                  | spells available to memorise: Conjure Flame.
     0 | D:1      | Reached XP level 1. HP: 13/13 MP: 4/4
   116 | D:1      | Reached XP level 2. HP: 9/19 MP: 5/5
  1461 | D:2      | Reached XP level 3. HP: 20/25 MP: 7/7
  1865 | D:2      | Reached skill level 1 in Invocations
  1946 | D:2      | Reached skill level 1 in Fighting
  1946 | D:2      | Reached skill level 1 in Short Blades
  1946 | D:2      | Reached skill level 1 in Long Blades
  1946 | D:2      | Reached skill level 1 in Axes
  1946 | D:2      | Reached skill level 1 in Maces & Flails
  1946 | D:2      | Reached skill level 1 in Polearms
  1946 | D:2      | Reached skill level 1 in Staves
  1946 | D:2      | Reached skill level 1 in Ranged Weapons
  1946 | D:2      | Reached skill level 1 in Throwing
  1946 | D:2      | Reached skill level 1 in Armour
  1946 | D:2      | Reached skill level 1 in Shields
  1946 | D:2      | Reached skill level 1 in Unarmed Combat
  2470 | D:3      | Found a hazy altar of Hepliaklqana.
  2530 | D:4      | HP: 1/26 [gnoll/+0 flail[a gnoll bouda] (8)]
  2534 | D:4      | Reached XP level 4. HP: 1/32 MP: 0/8
  2866 | D:4      | Found Lexzaf's Antique Weapon Shop.
  2886 | D:4      | Noticed an ogre
  2894 | D:4      | Killed an ogre
  2895 | D:4      | Reached skill level 1 in Conjurations
  2895 | D:4      | Reached skill level 1 in Hexes
  2895 | D:4      | Reached skill level 1 in Summonings
  2895 | D:4      | Reached skill level 1 in Necromancy
  2895 | D:4      | Reached skill level 1 in Translocations
  2895 | D:4      | Reached skill level 1 in Transmutations
  2895 | D:4      | Reached skill level 1 in Ice Magic
  2895 | D:4      | Reached skill level 1 in Air Magic
  2895 | D:4      | Reached skill level 1 in Earth Magic
  2895 | D:4      | Reached skill level 1 in Poison Magic
  2895 | D:4      | Reached XP level 5. HP: 37/37 MP: 9/9
  3771 | D:4      | Noticed Sigmund
  4216 | D:3      | Found a broken altar of Ashenzari.
  4223 | D:3      | Became a worshipper of Ashenzari the Shackled
  4278 | D:3      | Found an ornate altar of the Wu Jian Council.
  4722 | D:4      | Killed Sigmund
  4723 | D:4      | Reached XP level 6. HP: 17/44 MP: 6/11
  5048 | D:4      | Found a shimmering altar of Xom.
  5196 | D:4      | Noticed a black bear
  5206 | D:4      | Reached XP level 7. HP: 10/51 MP: 1/12
  5732 | D:4      | Slain by a black bear

Illustrated notes

Levels and vault maps discovered:
D:1:      heliophobic_arrival_battle_scene, layout_basic
D:2:      layout_rooms, chequers_serial_rivers_micro_b
D:3:      layout_basic, nzn_hepliaklqana_mist_gate,
          mainiacjoe_overflow_two_lobes
D:4:      minmay_recursive_quarters, layout_gridville, xom_confusion_cloud,
          serial_shops, nicolae_diamond_shop, minivault_14, uniq_sigmund

Skill      XL: |  1  2  3  4  5  6  7 |
---------------+----------------------+-----
Stealth        | |  9.9
Invocations    | 1 2 |  2.6
Fighting       | 1 2 |  2.4
Short Blades   | 1 2 |  2.4
Long Blades    | 1 2 |  2.4
Axes           | 1 2 |  2.4
Maces & Flails | 1 2 |  2.4
Polearms       | 1 2 |  2.4
Staves         | 1 2 |  2.4
Ranged Weapons | 1 2 |  2.4
Throwing       | 1 2 |  2.4
Armour         | 1 2 |  2.4
Shields        | 1 2 |  2.4
Unarmed Combat | 1 2 |  2.4
Spellcasting   | 3 |  3.7
Dodging        | 3 |  3.5
Conjurations   | 1 2 |  2.0
Hexes          | 1 2 |  2.0
Summonings     | 1 2 |  2.0
Necromancy     | 1 2 |  2.0
Translocations | 1 2 |  2.0
Transmutations | 1 2 |  2.0
Fire Magic     | 4 |  4.3
Ice Magic      | 1 2 |  2.0
Air Magic      | 1 2 |  2.0
Earth Magic    | 1 2 |  2.0
Poison Magic   | 1 2 |  2.0
Evocations     | 3 |  3.5

Action                   |  1- 3 |  4- 6 |  7- 9 || total
-------------------------+-------+-------+-------++-------
Melee: Dagger            |    82 |    33 |    47 ||   162
       Bite              |     8 |     3 |     8 ||    19
       Staff             |       |     8 |       ||     8
Throw: Dart              |     1 |    23 |    15 ||    39
       Javelin           |       |     1 |       ||     1
 Cast: Foxfire           |    41 |    60 |       ||   101
  Use: Scroll            |     5 |       |       ||     5
       Potion            |       |     2 |       ||     2
 Stab: Sleeping          |    11 |     5 |       ||    16
       Distracted        |       |       |     1 ||     1
Armor: Leather armour    |    15 |    19 |    10 ||    44
Dodge: Dodged            |    44 |    61 |    26 ||   131
Block: Kite shield       |       |    51 |    25 ||    76
